 Dungeon Crawl Stone Soup version 0.28-a0-1347-g113dc556a4 (webtiles) character file.

Game seed: 18023860706199009551

610 vineage the Skirmisher (level 7, -16/47 HPs)
             Began as a Gargoyle Fighter on Dec 29, 2021.
             Killed from afar by an acid dragon (23 damage)
             ... with a splash of acid
             ... on level 5 of the Dungeon.
             The game lasted 00:05:13 (4426 turns).

vineage the Skirmisher (Gargoyle Fighter)           Turns: 4426, Time: 00:05:14

Health: -16/47     AC: 11    Str: 19    XL:     7   Next: 43%
Magic:  7/7        EV:  9    Int: 15    God:
Gold:   109        SH:  4    Dex: 11    Spells: 6/6 levels left

rFire   . . .      SeeInvis .   j - +7 sceptre of Torment {pain, torment}
rCold   . . .      Faith    .   c - +0 buckler
rNeg    + + .      Spirit   .   b - +0 scale mail
rPois   ∞          Reflect  .   (no helmet)
rElec   +          Harm     .   (no cloak)
rCorr   .          Rampage  .   (no gloves)
Will    .....                   (no boots)
Stlth   ..........              (no amulet)
HPRegen 0.15/turn               h - +6 ring of intelligence
MPRegen 0.10/turn               i - ring of positive energy

@: mighty, hasted, very quick
A: sickness immunity, AC +4, negative energy resistance 1, electricity
resistance, torment resistance 1, petrification resistance
a: no special abilities


You were on level 5 of the Dungeon.
You visited 1 branch of the dungeon, and saw 5 of its levels.

You collected 164 gold pieces.
You spent 55 gold pieces at shops.

Inventory:

Hand Weapons
 a - a +0 flail of flaming
 j - the +7 sceptre of Torment (weapon) {pain, torment}
   (You found it on level 4 of the Dungeon)

   In the hands of one skilled in necromantic magic, it inflicts extra damage on
   living creatures.
   It occasionally torments all nearby living foes when it strikes in combat.
Armour
 b - a +0 scale mail (worn)
 c - a +0 buckler (worn)
Jewellery
 h - a +6 ring of intelligence (left hand)
 i - a ring of positive energy (right hand)
Wands
 g - a wand of digging (6)
Scrolls
 k - 2 scrolls of identify
 l - a scroll of teleportation
Potions
 d - a potion of might
 e - 3 potions of ambrosia
 f - 2 potions of magic
 n - 2 potions of cancellation
 p - 2 potions of degeneration {unknown}


   Skills:
 + Level 6.8 Fighting
 + Level 5.8 Maces & Flails
 - Level 3.2 Armour
 - Level 3.2 Shields


You had 6 spell levels left.
You didn't know any spells.
Your spell library contained the following spells:

 Spells                   Type           Power      Damage    Failure   Level
 Animate Skeleton         Necr           0%         N/A       65%         1
 Apportation              Tloc           0%         N/A       65%         1
 Sandblast                Erth           0%         2d4       65%         1
 Summon Small Mammal      Summ           0%         N/A       65%         1
 Corpse Rot               Necr/Air       0%         N/A       78%         2
 Passwall                 Tmut/Erth      0%         N/A       78%         2
 Poisonous Vapours        Pois/Air       0%         N/A       78%         2
 Stone Arrow              Conj/Erth      0%         3d7       95%         3


Dungeon Overview and Level Annotations

Branches:
Dungeon (5/15)
 Temple: D:4-7

Altars:
Dithmenos
Hepliaklqana
Uskayaw

Shops:
D:3 *=


Innate Abilities, Weirdness & Mutations

You are immune to sickness and miasma.
Your stone body is resilient. (AC +4)
You are immune to poison.
You resist negative energy. (rN+)
You are resistant to electric shocks. (rElec)
You are resistant to unholy torment.
You are immune to petrification.


Message History

No target in view!
No target in view!
No target in view!
No target in view!
No target in view!
No target in view!
No target in view!
As you open the door, it creaks loudly!
There is an open door here.
You open the door.
There is an open door here.
k - a scroll of identify
Found a robe.
You open the door.
There is an open door here.
l - a scroll of teleportation No target in view!
Found 16 arrows.
You see here 16 arrows.
k - 2 scrolls of identify (gained 1)
An acid dragon comes into view.
The acid dragon roars!
An acid dragon is nearby!
You see here 16 arrows.
You feel very mighty all of a sudden. The acid dragon bites you.
The acid dragon claws you but does no damage.
You barely miss the acid dragon. The acid dragon spits acid at you.
The splash of acid hits you!!
Ouch! That really hurt!
The acid dragon bites you!
* * * LOW HITPOINT WARNING * * *
The acid dragon barely misses you.
You feel yourself speed up. You block the acid dragon's attack.
The acid dragon claws you but does no damage.
You see here 16 arrows.
The acid dragon spits acid at you. The splash of acid hits you!!
You die...

##############
.............#
############D#
#(# #.# ####.#
#..@.# #.#####
#.....#
#####.#
#...#.#
#.#.#.#
#.#.#.#
#.#.#.#
#.#.#.#


You could see an acid dragon (catching breath).

Vanquished Creatures
  A necrophage (D:4)
  A phantom (D:4)
  A gnoll sergeant (D:4)
  A scorpion (D:5)
  A water moccasin skeleton (D:4)
  A hound (D:5)
  2 iguanas
  An orc wizard (D:4)
  3 gnolls
  5 adders
  A white imp (D:5)
  A worm (D:3)
  12 dart slugs
  4 orcs
  4 bats
  4 endoplasms
  2 giant cockroaches
  5 goblins
  2 hobgoblins
  4 jackals (D:1)
  3 kobolds
  6 quokkas
  5 ball pythons
  2 frilled lizards
  A quokka skeleton (D:4)
  4 rats
77 creatures vanquished.

Notes
Turn   | Place    | Note
-------+----------+-------------------------------------------
     0 | D:1      | vineage the Gargoyle Fighter began the quest for the Orb.
     0 | D:1      | Reached XP level 1. HP: 14/14 MP: 1/1
   225 | D:1      | Reached XP level 2. HP: 19/19 MP: 2/2
  1041 | D:2      | Reached skill level 4 in Fighting
  1041 | D:2      | Reached XP level 3. HP: 17/24 MP: 3/3
  1907 | D:3      | Found Pufadoaf's General Store.
  1918 | D:3      | Reached XP level 4. HP: 28/30 MP: 4/4
  1943 | D:3      | Bought a potion of heal wounds for 55 gold pieces
  2005 | D:3      | Found a hide-covered altar of Uskayaw.
  2033 | D:3      | Found a faded altar of an unknown god.
  2272 | D:3      | Found Uhelamu's Jewellery Shop.
  2667 | D:4      | Found the +7 sceptre of Torment {pain, torment}
  2978 | D:4      | Noticed a necrophage
  2987 | D:4      | Killed a necrophage
  2988 | D:4      | Reached skill level 5 in Fighting
  2988 | D:4      | Reached XP level 5. HP: 29/35 MP: 5/5
  3151 | D:4      | Reached XP level 6. HP: 31/41 MP: 6/6
  3250 | D:4      | Reached skill level 6 in Fighting
  3250 | D:4      | Reached skill level 5 in Maces & Flails
  3326 | D:4      | Found a shadowy altar of Dithmenos.
  3497 | D:4      | Found a hazy altar of Hepliaklqana.
  3570 | D:5      | Entered Level 5 of the Dungeon
  3882 | D:4      | Reached XP level 7. HP: 20/47 MP: 7/7
  4426 | D:5      | Killed from afar by an acid dragon

Illustrated notes

Levels and vault maps discovered:
D:1:      kennysheep_arrival_forest, layout_basic, st_stairs_4,
          minmay_misc_feat_secret_circle, minivault_4, chequers_mini_garden
D:2:      layout_basic
D:3:      layout_loops_cross, nicolae_uskayaw_murder_on_the_dancefloor,
          basic_ecumenical_altar, serial_shops, shop, shop,
          kennysheep_cross_bottleneck, minmay_vboxes
D:4:      layout_cave_pools, mainiacjoe_overflow_alcove_4,
          nicolae_hepliaklqana_hazy_memory
D:5:      kennysheep_slugbush, layout_basic

Skill      XL: |  1  2  3  4  5  6 |
---------------+-------------------+-----
Fighting       | 4 5 6 |  6.8
Maces & Flails | 3 4 5 |  5.8
Armour         | |  3.2
Shields        | |  3.2

Action                   |  1- 3 |  4- 6 |  7- 9 || total
-------------------------+-------+-------+-------++-------
Melee: Flail             |   119 |    28 |       ||   147
       Eveningstar       |       |    60 |    42 ||   102
  Use: Scroll            |     4 |     7 |       ||    11
       Potion            |       |     3 |     2 ||     5
Armor: Scale mail        |    92 |    69 |    32 ||   193
Dodge: Dodged            |    83 |    58 |    23 ||   164
Block: Buckler           |    31 |    27 |     7 ||    65

Table legend: (Time is in decaauts)
 A = Elapsed time spent in this place.
 B = Non-inter-level travel time spent in this place.
 C = Inter-level travel time spent in this place.
 D = Time resting spent in this place.
 E = Time spent auto-exploring this place.
 F = Levels seen in this place.
 G = Mean time per level.
                   A        B        C        D        E       F      G
               +--------+--------+--------+--------+--------+-----+--------+
         Total |   4511 |   4395 |    116 |    914 |   2743 |   5 |  902.2 |
       Dungeon |   4511 |   4395 |    116 |    914 |   2743 |   5 |  902.2 |
               +--------+--------+--------+--------+--------+-----+--------+

Top non-repeatable levels by time:
     D:4: 1465 daAuts
     D:1: 1034 daAuts
     D:3: 825 daAuts
     D:2: 797 daAuts
     D:5: 388 daAuts
